Map: King's Cove LE

Players

IbnSina

  • Race: Terran Terran
  • League: Gold
  • Spawn Location: 5:00

Seph - Winner!

  • Race: Terran Terran
  • League: Bronze
  • Spawn Location: 11:00

VOD

Have the link to the VOD?

Description

Time

  • Played on: Feb. 15, 2019, 10:22 p.m.
  • Length: 17:24
Show
View Real Time Build Order
Export as new Build Order

IbnSina Terran 

Build Orders: Mech 

Get SALT Encoding   

  12  0:01  SCV  
  13  0:13  SCV  
  14  0:18  Supply Depot  
  14  0:25  SCV  
  15  0:30  Refinery  
  15  0:40  SCV  
  16  0:47  Barracks  
  16  0:52  SCV  
  17  1:04  SCV  
  18  1:16  SCV  
  19  1:28  SCV  
  20  1:41  Orbital Command  
  20  1:47  Command Center  
  20  1:57  Factory  
  20  2:04  Refinery  
  20  2:08  SCV  
  21  2:17  Supply Depot  
  21  2:25  SCV  
  22  2:38  Barracks Reactor  
  22  2:40  SCV  
  23  2:52  SCV  
  23  2:56  Widow Mine  
  26  3:06  SCV  
  26  3:07  Orbital Command  
  26  3:08  Factory  
  27  3:29  SCV  
  28  3:34  SCV  
  28  3:41  SCV  
  30  3:48  Barracks Tech Lab  
  30  3:52  Hellion x2  
  34  3:58  Supply Depot  
  34  4:00  SCV x2  
  36  4:22  SCV x2  
  38  4:31  Siege Tank, Hellion x2  
  45  4:40  Armory  
  45  4:42  SCV  
  45  4:43  SCV  
  47  4:48  Barracks Tech Lab  
  47  4:55  Factory  
  47  5:12  SCV x2  
  49  5:15  Hellion x2  
  49  5:20  Supply Depot  
  53  5:22  Command Center, Supply Depot  
  53  5:41  Siege Tank  
  56  5:45  Terran Vehicle Weapons Level 1  
  56  5:53  Hellbat x2, SCV x2  
  62  5:58  Siege Tank  
  62  6:03  Supply Depot  
  65  6:05  SCV  
  65  6:06  SCV  
  67  6:18  Refinery, SCV x2  
  69  6:24  Siege Tank  
  69  6:25  Hellbat x2  
  76  6:43  Siege Tank  
  79  6:47  SCV x2  
  79  6:49  Refinery  
  81  7:02  Orbital Command  
  81  7:04  SCV x2  
  83  7:14  Starport  
  83  7:16  SCV  
  83  7:22  Barracks Tech Lab, Factory  
  84  7:33  Hellbat x2  
  88  7:40  Factory  
  88  7:48  SCV x3  
  91  8:00  Infernal Pre-Igniter  
  91  8:20  Hellbat  
  91  8:24  Supply Depot  
  93  8:27  Supply Depot  
  93  8:35  Supply Depot  
  93  8:45  Siege Tank x2, SCV x2  
  101  8:49  Hellbat, SCV  
  101  8:51  Terran Vehicle Weapons Level 2  
  104  9:20  Factory Tech Lab  
  104  9:24  Starport Reactor, Hellbat x2  
  104  9:25  Siege Tank x2  
  102  9:47  SCV x3  
  105  9:57  Siege Tank  
  105  9:58  Supply Depot  
  105  9:59  SCV  
  109  10:10  SCV x2  
  109  10:11  SCV  
  112  10:14  Command Center  
  112  10:27  Hellbat x2, Siege Tank x2  
  122  10:29  Siege Tank  
  125  11:07  Supply Depot  
  125  11:09  Supply Depot  
  125  11:12  Supply Depot  
  125  11:26  Hellbat x2, Siege Tank x3, Refinery, SCV x2  
  125  11:28  SCV  
  125  11:30  Orbital Command  
  141  11:37  Viking  
  141  11:38  Viking, SCV  
  146  11:46  Factory  
  146  12:18  Siege Tank  
  146  12:19  Siege Tank x2  
  146  12:20  Hellbat x2  
  129  13:11  Thor x3  
  132  13:15  Widow Mine x2  
  132  13:25  Viking x2  
  132  13:33  Starport  
  132  13:35  Factory Tech Lab  
  132  13:38  Factory Tech Lab  
  132  13:53  Thor  
  111  14:13  Thor  
  111  14:14  Thor x2  
  129  14:23  SCV x3  
  120  14:35  SCV  
  117  14:49  Command Center  
  93  15:01  Thor x2  
Show
View Real Time Build Order
Export as new Build Order

Seph Terran - Winner!

Build Orders:  

Get SALT Encoding   

  12  0:16  Supply Depot  
  12  0:19  SCV  
  13  0:31  SCV  
  13  0:35  Refinery  
  14  0:48  Barracks  
  14  0:50  SCV  
  15  1:02  SCV  
  16  1:14  SCV  
  17  1:26  SCV  
  18  1:37  Barracks Reactor  
  18  1:38  Supply Depot  
  18  1:39  SCV  
  19  1:51  SCV  
  20  2:11  Refinery  
  20  2:14  Command Center  
  20  2:15  Marine x2  
  22  2:30  Orbital Command  
  22  2:33  Marine x2  
  24  2:50  Marine  
  24  2:51  Marine  
  26  2:55  Factory  
  26  2:56  SCV  
  27  3:11  Marine x2  
  29  3:21  SCV  
  30  3:33  SCV  
  31  3:37  Marine x2  
  33  3:43  Factory Tech Lab  
  33  3:48  Starport  
  33  3:53  SCV  
  34  4:00  SCV  
  35  4:05  SCV  
  36  4:12  Engineering Bay  
  36  4:13  SCV, Marine  
  36  4:15  Marine  
  39  4:17  SCV  
  40  4:25  SCV  
  40  4:29  Starport Tech Lab, SCV  
  42  4:35  Starport  
  42  4:41  SCV  
  42  4:43  Fusion Core  
  43  4:53  SCV  
  43  4:57  Supply Depot  
  44  5:03  Supply Depot  
  44  5:06  SCV  
  45  5:18  SCV  
  45  5:20  Starport Tech Lab  
  46  5:30  Starport, SCV  
  46  5:31  Weapon Refit  
  47  5:36  Supply Depot  
  47  5:38  Supply Depot  
  47  5:42  SCV  
  48  5:43  Marine  
  48  5:44  Marine  
  50  5:54  SCV  
  50  5:55  Siege Tank  
  54  6:06  SCV  
  54  6:11  Armory  
  55  6:13  Armory  
  56  6:18  SCV  
  56  6:20  Refinery  
  56  6:24  Refinery  
  56  6:27  Marine x2  
  56  6:30  SCV  
  56  6:32  Starport Tech Lab  
  59  6:42  SCV  
  59  6:43  Supply Depot  
  59  6:45  Marine x2  
  62  6:54  SCV  
  63  7:02  Battlecruiser  
  63  7:07  SCV  
  70  7:24  Battlecruiser  
  70  7:27  SCV  
  77  7:34  Marine x2  
  79  7:39  SCV  
  80  7:44  Supply Depot  
  80  7:50  Supply Depot  
  80  8:01  Battlecruiser  
  86  8:06  Supply Depot  
  86  8:13  Supply Depot  
  86  8:14  SCV  
  86  8:17  Marine x2  
  89  8:25  Command Center  
  89  8:26  SCV  
  90  8:30  Supply Depot  
  90  8:38  Supply Depot  
  90  8:43  Battlecruiser  
  96  8:55  Terran Ship Weapons Level 1, Supply Depot  
  96  9:06  Supply Depot  
  95  9:22  Supply Depot  
  94  9:32  Supply Depot  
  92  9:48  Planetary Fortress  
  92  10:01  Battlecruiser  
  92  10:02  Battlecruiser  
  92  10:06  Terran Vehicle And Ship Armor Level 1  
  104  10:11  Supply Depot  
  104  10:12  Supply Depot  
  104  10:27  Supply Depot  
  104  10:29  Battlecruiser  
  104  10:35  SCV  
  111  10:41  Refinery  
  111  10:47  SCV  
  111  10:49  Marine x2  
  114  10:59  SCV  
  114  11:02  Missile Turret  
  115  11:07  Marine x2  
  117  11:11  SCV  
  118  11:23  Battlecruiser x2, SCV  
  118  11:25  Missile Turret, Marine x2  
  133  11:43  Marine x2  
  135  11:48  Missile Turret  
  135  11:59  Orbital Command  
  135  12:11  Missile Turret  
  135  12:15  Battlecruiser  
  141  12:27  Battlecruiser  
  113  14:40  Battlecruiser  
  113  14:41  Battlecruiser x2  
  125  15:45  Battlecruiser x2  
Tags
 
Composition
Mech
Matchup
TvT
Race
Terran
Spawn Locations
Cross Positions
Add a new tag
Caveats
  • Supply blocks, unpowered buildings, or Contaminate may cause inaccurate times.
  • Supply counts are checked every 10 seconds.